 Dungeon Crawl Stone Soup version 0.30-b1-2-g02819fbbbe (webtiles) character file.

Game seed: 6762677247857888209

6 Mietzsche the Scratcher (level 1, 0/9 HPs)
             Began as a Felid Transmuter on July 8, 2023.
             Succumbed to a kobold's poison
             ... on level 1 of the Dungeon.
             The game lasted 00:00:29 (80 turns).

Mietzsche the Scratcher (Felid Transmuter)            Turns: 80, Time: 00:00:30

Health: 0/9        AC:  1    Str:  6    XL:     1   Next: 75%
Magic:  4/4        EV: 17    Int: 14    God:
Gold:   9          SH:  0    Dex: 16    Spells: 3/4 levels left
                                        Lives:  0   Deaths: 0

rFire   . .          .
                       - Unarmed
rCold   . . .        (shield unavailable)
rNeg    . . .        (body armour unavailable)
rPois   .            (helmet unavailable)
rElec   .            (cloak unavailable)
rCorr   .            (gloves unavailable)
SInv    +            (boots unavailable)
Will    .....        (no amulet)
Stlth   +            (no ring)
HPRegen 0.21/turn    (no ring)
MPRegen 0.09/turn

%: no passive effects
@: lethally poisoned (0 -> -2), quick
A: very small, claws 1, fangs 3, see invisible, speed 1, shaggy fur 1, stealthy
paws, no weapons or thrown items, no armour, multi-lived
a: no special abilities


You were on level 1 of the Dungeon.
You visited 1 branch of the dungeon, and saw 1 of its levels.

You collected 9 gold pieces.

Inventory:

Potions
 a - a potion of lignification


   Skills:
 + Level 1.0 Fighting
 + Level 2.8 Dodging
 + Level 3.2 Unarmed Combat
 + Level 2.0 Spellcasting
 + Level 2.2 Transmutations


You had 3 spell levels left.
You knew the following spells:

 Your Spells              Type           Power      Damage    Failure   Level
a - Beastly Appendage     Tmut           14%        N/A       10%         1

Your spell library contained the following spells:

 Spells                   Type           Power      Damage    Failure   Level
 Wereblood                Tmut           7%         N/A       14%         2
 Spider Form              Tmut/Pois      4%         N/A       41%         3
 Ice Form                 Ice/Tmut       4%         N/A       83%         4


Dungeon Overview and Level Annotations

Branches:
Dungeon (1/15)

Altars:


Innate Abilities, Weirdness & Mutations

You have sharp claws.
You have razor-sharp teeth.
You have supernaturally acute eyesight. (SInv)
You cover ground quickly. (Speed+)
You are covered in fur. (AC +1)
Your paws help you pounce on unaware monsters.
You are incapable of wielding weapons or throwing items.
You cannot wear armour.
You gain extra lives every three experience levels.


Message History

You grow a pair of large bovine horns.
You scratch the bat.
You kill the bat!
The frilled lizard completely misses you.
You claw the frilled lizard!
You kill the frilled lizard!
Your transformation is almost over.
A rat, a kobold and a goblin come into view.
The kobold is wielding a +1 dagger of venom.
Found 2 inky potions.
The kobold shouts!
The kobold moves out of view.
You barely miss the rat. Your headbutt misses the rat.
The kobold barely misses you. The rat bites you.
You closely miss the rat. Your headbutt misses the rat.
The kobold hits you with a +1 dagger of venom.
You are lethally poisoned!
The rat completely misses you.
You closely miss the rat. You headbutt the rat.
You kill the rat!
You feel sick. The kobold closely misses you.
You are too injured to fight recklessly!
You are too injured to fight recklessly!
You are too injured to fight recklessly!
You scratch the kobold.
You kill the kobold!
You feel sick. The goblin barely misses you.
You scratch the goblin.
The goblin is severely wounded.
* * * LOW HITPOINT WARNING * * *
You feel sick. The goblin closely misses you.
You barely miss the goblin.
You headbutt the goblin, but do no damage.
The goblin is severely wounded.
* * * LOW HITPOINT WARNING * * *
You feel sick. The goblin barely misses you.
You scratch the goblin.
You kill the goblin!
Your horns disappear.
You die...

. ...# .# ....# #..# #
.#..#.#..# #. ........#
..##..#.#..######
.........#....######
#))#.#..#....##....
#.@#.#..#....##....
#..#†#..#....##....
#......[....†......
#..#†##.#.....#....
.!........#.....#....
#.###.###########.#...†
#! #.##### #. #.#####
#. .......


There were no monsters in sight!

Vanquished Creatures
  A giant cockroach (D:1)
  A goblin (D:1)
  A quokka (D:1)
  A ball python (D:1)
  A bat (D:1)
  A frilled lizard (D:1)
  A kobold (D:1)
  A rat (D:1)
8 creatures vanquished.

Notes
Turn   | Place    | Note
-------+----------+-------------------------------------------
     0 | D:1      | Mietzsche the Felid Transmuter began the quest for the Orb.
     0 | D:1      | Reached XP level 1. HP: 9/9 MP: 4/4
    80 | D:1      | Succumbed to a kobold's poison

Illustrated notes

Levels and vault maps discovered:
D:1:      reono_arrival_forest_river, layout_basic, minmay_crystal_room

Action                     || total
---------------------------++-------
  Melee: Unarmed           ||    20
         Headbutt          ||     2
         Bite              ||     1
   Cast: Beastly Appendage ||     2
  Dodge: Dodged            ||    20
